 Dungeon Crawl Stone Soup version 0.27-a0-1105-g946c659c87 (webtiles) character file.

Game seed: 18008660655883323619

32 kae the Skirmisher (level 3, 0/29 HPs)
             Began as a Demonspawn Abyssal Knight on Apr 30, 2021.
             Was a Follower of Lugonu.
             Slain by a kobold
             ... wielding a +0 short sword
              (5 damage)
             ... on level 2 of the Dungeon.
             The game lasted 00:00:43 (1469 turns).

kae the Skirmisher (Demonspawn Abyssal Knight)      Turns: 1469, Time: 00:00:44

Health: 0/29       AC:  3    Str: 13    XL:     3   Next: 10%
Magic:  5/5        EV: 11    Int: 13    God:    Lugonu [*.....]
Gold:   81         SH:  0    Dex: 12    Spells: 2/2 levels left

rFire    . . .     SeeInvis .   a - +1 falchion
rCold    . . .     Faith    .   (no shield)
rNeg     . . .     Spirit   .   b - +0 leather armour
rPois    .         Reflect  .   (no helmet)
rElec    .         Harm     .   (no cloak)
rCorr    .         Rampage  .   (no gloves)
Will     .....                  (no boots)
Stlth    +.........             (no amulet)
HPRegen  0.09/turn              (no ring)
MPRegen  0.09/turn              (no ring)

@: no status effects
A: powered by death 1
a: Renounce Religion, Depart the Abyss


You were on level 2 of the Dungeon.
You worshipped Lugonu.
Lugonu was aware of your devotion.
You visited 1 branch of the dungeon, and saw 2 of its levels.
You visited the Abyss 1 time.

You collected 81 gold pieces.

Inventory:

Hand Weapons
 a - a +1 falchion (weapon)
Missiles
 f - a throwing net
Armour
 b - a +0 leather armour (worn)
Jewellery
 g - a +6 ring of intelligence
Scrolls
 d - a scroll of torment {unknown}
 e - a scroll of identify {unknown}
Potions
 c - 4 potions of lignification {unknown}
 h - a potion of attraction {unknown}


   Skills:
 + Level 3.2 Fighting
 * Level 2.4 Long Blades
 + Level 2.1 Armour
 - Level 0.8 Dodging
 + Level 3.0 Invocations


You had 2 spell levels left.
You didn't know any spells.
Your spell library was empty.

Dungeon Overview and Level Annotations

Branches:
Dungeon (2/15)

Altars:


Innate Abilities, Weirdness & Mutations

You regenerate a little health from kills.


Message History

The ball python constricts you.
You hit the ball python.
You kill the ball python!
Lugonu accepts your kill.
A worm and a kobold come into view.
The kobold moves out of view.
You hit the worm but do no damage. The worm bites you but does no damage.
There are monsters nearby!
You hit the worm.
The worm is lightly wounded.
The worm barely misses you.
You hit the worm.
The worm is moderately wounded.
The kobold throws a stone.
The stone hits you.
There are monsters nearby!
You hit the worm.
The worm is moderately wounded.
The worm bites you!
You are too injured to fight recklessly!
There are monsters nearby!
You are too injured to fight recklessly!
You are too injured to fight recklessly!
There are monsters nearby!
You are too injured to fight recklessly!
You are too injured to fight recklessly!
There are monsters nearby!
You are too injured to fight recklessly!
You are too injured to fight recklessly!
You hit the worm but do no damage.
The worm is moderately wounded.
The worm bites you.
You hit the worm.
The worm is moderately wounded.
The kobold hits you with a +0 short sword.
The worm bites you.
* * * LOW HITPOINT WARNING * * *
You hit the worm.
The worm is heavily wounded.
The kobold hits you with a +0 short sword.
You die...

#<.##........
#.####...#... #†# .###
#†####.# . ##......# ##
.# .)÷###### ## .#.#
÷.## ######. ....#
..##### #.....w##...###
..>...... ##@K....[.
..####### ###........#
..######### #...†......#
..........###.#.........
..........#.....#......#
.............###...(...#
.#..........## .......#
##........### .......#
##........# #^....##


You could see a worm and a kobold.

Vanquished Creatures
  A dart slug (D:2)
  3 ball pythons
  4 bats
  An endoplasm (D:1)
  3 giant cockroaches
  2 hobgoblins (D:1)
  7 jackals (D:2)
  A quokka (D:2)
  A frilled lizard (D:1)
  2 goblins
  A rat (D:1)
26 creatures vanquished.

Notes
Turn   | Place    | Note
-------+----------+-------------------------------------------
     0 | Abyss:1  | kae the Demonspawn Abyssal Knight began the quest for the
                  | Orb.
     0 | Abyss:1  | Reached XP level 1. HP: 18/18 MP: 2/2
    48 | Abyss:1  | Noticed an ancient zyme
    83 | D:1      | Escaped the Abyss
   210 | D:1      | Found a faded altar of an unknown god.
   576 | D:1      | Gained mutation: You regenerate a little health from kills.
                  | [demonic ancestry]
   576 | D:1      | Reached XP level 2. HP: 15/24 MP: 4/4
  1197 | D:2      | Reached XP level 3. HP: 29/29 MP: 5/5
  1469 | D:2      | Slain by a kobold

Illustrated notes

Levels and vault maps discovered:
D:1:      minmay_arrival_open_corners, layout_basic, basic_ecumenical_altar,
          minmay_quantized
D:2:      layout_rooms, lexackson_kobold_supper

Skill      XL: |  1  2 |
---------------+-------+-----
Long Blades    | 2 |  2.4
Armour         | 2 |  2.1
Invocations    | 3 |  3.0
Fighting       | |  3.2
Dodging        | |  0.8

Action                   || total
-------------------------++-------
Melee: Falchion          ||    71
Armor: Leather armour    ||    25
Dodge: Dodged            ||    72
       Rpst.: Falchion   ||    20

Table legend: (Time is in decaauts)
 A = Elapsed time spent in this place.
 B = Non-inter-level travel time spent in this place.
 C = Inter-level travel time spent in this place.
 D = Time resting spent in this place.
 E = Time spent auto-exploring this place.
 F = Levels seen in this place.
 G = Mean time per level.
                   A        B        C        D        E       F      G
               +--------+--------+--------+--------+--------+-----+--------+
         Total |   1483 |   1463 |     20 |    282 |    984 |   3 |  494.3 |
       Dungeon |   1400 |   1380 |     20 |    280 |    936 |   2 |  700.0 |
         Abyss |     83 |     83 |      0 |      2 |     48 |   1 |   83.0 |
               +--------+--------+--------+--------+--------+-----+--------+

Top non-repeatable levels by time:
     D:1: 1177 daAuts
     D:2: 222 daAuts
 Abyss:1: 83 daAuts
